TOP OF THE 1ST |
Maize HS batting - Pitching for Coweta HS Tigers : RHP Jesús Medina
|
Pitching: RHP Jesús Medina
|
|
Batting: RHB Lawrence Howard
|
0-0: Ball 1-0: Ball 2-0: Ball 3-0: Base on Balls
|
Batting: LHB James Macías
|
0-0: Ball 1-0: Ball 2-0: Called Strike 2-1: Foul Ball, location: 2F 2-2: SINGLE (Flyball, 8LS) Lawrence Howard to second
|
Batting: RHB José Murillo
|
0-0: Ball 1-0: Swinging Strike 1-1: Ball 2-1: Ball 3-1: Called Strike 3-2: Strikes out looking
|
Batting: RHB Ryan Jackson
|
0-0: Foul Ball, location: 2F 0-1: Ball 1-1: Foul Ball, location: 2F 1-2: Ball 2-2: Ball 3-2: Foul Ball, location: 2F 3-2: Grounds into double play, 5-4-3 (Groundball, 5)
|
Top of the 1st over - 0 run(s), 1 hit(s), 0 error(s), 1 left on base; Maize HS 0 - Coweta HS 0 |
BOTTOM OF THE 1ST |
Coweta HS Tigers batting - Pitching for Maize HS : RHP Jonas Davis
|
Pitching: RHP Jonas Davis
|
|
Batting: RHB Ramiro Javier
|
0-0: Swinging Strike 0-1: Fly out, F9 (Flyball, 89M)
|
Batting: RHB Brian Andrews
|
0-0: Ball 1-0: Ball 2-0: Ground out 1-3 (Groundball, 15)
|
Batting: RHB José Cisneros
|
0-0: Swinging Strike 0-1: Called Strike 0-2: Ball 1-2: Ball 2-2: Ball 3-2: Foul Ball, location: 2F 3-2: Fly out, F9 (Flyball, 9M)
|
Bottom of the 1st over - 0 run(s), 0 hit(s), 0 error(s), 0 left on base; Maize HS 0 - Coweta HS 0 |
TOP OF THE 2ND |
Maize HS batting - Pitching for Coweta HS Tigers : RHP Jesús Medina
|
Batting: RHB Jorge Molina
|
0-0: Ball 1-0: Called Strike 1-1: Swinging Strike 1-2: Ball 2-2: Ball 3-2: Strikes out looking
|
Batting: RHB Raúl González
|
0-0: Swinging Strike 0-1: Swinging Strike 0-2: Foul Ball, location: 2F 0-2: Ball 1-2: Strikes out swinging
|
Batting: RHB Juan Romero
|
0-0: Ball 1-0: Swinging Strike 1-1: SINGLE (Line Drive, 4M)
|
Batting: SHB Ricardo Gómez
|
0-0: Called Strike 0-1: Ball 1-1: Ball 2-1: Called Strike 2-2: Strikes out looking
|
Top of the 2nd over - 0 run(s), 1 hit(s), 0 error(s), 1 left on base; Maize HS 0 - Coweta HS 0 |
BOTTOM OF THE 2ND |
Coweta HS Tigers batting - Pitching for Maize HS : RHP Jonas Davis
|
Batting: RHB Héctor Vázquez
|
0-0: Ground out 6-3 (Groundball, 6)
|
Batting: LHB Jim Clemente
|
0-0: Swinging Strike 0-1: Called Strike 0-2: Fly out, F7 (Flyball, 7S)
|
Batting: RHB Ben Johnson
|
0-0: Ball 1-0: Ball 2-0: Called Strike 2-1: Foul Ball, location: 2F 2-2: SOLO HOME RUN (Flyball, 7D), Distance : 387 ft
|
Batting: RHB Phil Shaw
|
0-0: SOLO HOME RUN (Flyball, 7LD), Distance : 359 ft
|
Batting: RHB Jon Waller
|
0-0: Fly out, F9 (Flyball, 89M)
|
Bottom of the 2nd over - 2 run(s), 2 hit(s), 0 error(s), 0 left on base; Maize HS 0 - Coweta HS 2 |
TOP OF THE 3RD |
Maize HS batting - Pitching for Coweta HS Tigers : RHP Jesús Medina
|
Batting: LHB Carl Hodge
|
0-0: Ball 1-0: Ball 2-0: Called Strike 2-1: Called Strike 2-2: Foul Ball, location: 2F 2-2: Foul Ball, location: 2F 2-2: Strikes out looking
|
Batting: RHB Lawrence Howard
|
0-0: Ball 1-0: Ball 2-0: Called Strike 2-1: Swinging Strike 2-2: Ball 3-2: Foul Ball, location: 2F 3-2: SINGLE (Groundball, 56D)
|
Batting: LHB James Macías
|
0-0: Ball Lawrence Howard is caught stealing 2nd base 1-0: SINGLE (Line Drive, 89M)
|
Batting: RHB José Murillo
|
0-0: Called Strike 0-1: Ball James Macías steals 2nd base 1-1: Ball 2-1: Called Strike 2-2: Ball 3-2: Base on Balls
|
Batting: RHB Ryan Jackson
|
0-0: Ball Passed Ball! James Macías to third José Murillo to second 1-0: Foul Ball, location: 2F 1-1: Foul Ball, location: 2F 1-2: Strikes out swinging
|
Top of the 3rd over - 0 run(s), 2 hit(s), 0 error(s), 2 left on base; Maize HS 0 - Coweta HS 2 |
BOTTOM OF THE 3RD |
Coweta HS Tigers batting - Pitching for Maize HS : RHP Jonas Davis
|
Batting: SHB Jessie Teague
|
0-0: Called Strike 0-1: Ball 1-1: SINGLE (Groundball, 4MD)
|
Batting: RHB Ramiro Javier
|
0-0: SINGLE (Line Drive, 7S) Jessie Teague to second
|
Batting: RHB Brian Andrews
|
0-0: Foul Ball, location: 2F 0-1: Grounds into double play, 4-6-3 (Groundball, 4) Jessie Teague to third
|
Batting: RHB José Cisneros
|
0-0: Ball 1-0: Ball 2-0: SINGLE (Line Drive, 6MD) Jessie Teague scores
|
Batting: RHB Héctor Vázquez
|
0-0: Ball 1-0: Ball 2-0: Ball 3-0: Called Strike 3-1: Base on Balls José Cisneros to second
|
Batting: LHB Jim Clemente
|
0-0: Ball 1-0: Fly out, F6 (Popup, 56)
|
Bottom of the 3rd over - 1 run(s), 3 hit(s), 0 error(s), 2 left on base; Maize HS 0 - Coweta HS 3 |
TOP OF THE 4TH |
Maize HS batting - Pitching for Coweta HS Tigers : RHP Jesús Medina
|
Batting: RHB Jorge Molina
|
0-0: Ball 1-0: Called Strike 1-1: Ball 2-1: Fly out, F4 (Popup, 4D)
|
Batting: RHB Raúl González
|
0-0: Called Strike 0-1: Foul Ball, location: 2F 0-2: Ball 1-2: Ball 2-2: Ball 3-2: Fly out, F8 (Flyball, 8LM)
|
Batting: RHB Juan Romero
|
0-0: Bunt for hit - play at first, batter OUT! 5-3
|
Top of the 4th over - 0 run(s), 0 hit(s), 0 error(s), 0 left on base; Maize HS 0 - Coweta HS 3 |
BOTTOM OF THE 4TH |
Coweta HS Tigers batting - Pitching for Maize HS : RHP Jonas Davis
|
Batting: RHB Ben Johnson
|
0-0: Called Strike 0-1: Fly out, F3 (Popup, 3F)
|
Batting: RHB Phil Shaw
|
0-0: Swinging Strike 0-1: Foul Ball, location: 2F 0-2: Ball 1-2: Foul Ball, location: 2F 1-2: Fly out, F8 (Line Drive, 8RM)
|
Batting: RHB Jon Waller
|
0-0: Ball 1-0: Ball 2-0: Ball 3-0: Called Strike 3-1: Base on Balls
|
Batting: SHB Jessie Teague
|
0-0: Ball 1-0: SINGLE (Flyball, 8LS) Jon Waller to second
|
Batting: RHB Ramiro Javier
|
0-0: Ball 1-0: Called Strike 1-1: Ball 2-1: SINGLE (Groundball, 4MD) (infield hit) Jon Waller to third Jessie Teague to second
|
Batting: RHB Brian Andrews
|
0-0: Foul Ball, location: 2F 0-1: Called Strike 0-2: Ball 1-2: Ball 2-2: Ball 3-2: Fly out, F9 (Flyball, 9M)
|
Bottom of the 4th over - 0 run(s), 2 hit(s), 0 error(s), 3 left on base; Maize HS 0 - Coweta HS 3 |
TOP OF THE 5TH |
Maize HS batting - Pitching for Coweta HS Tigers : RHP Jesús Medina
|
Batting: SHB Ricardo Gómez
|
0-0: Foul Ball, location: 2F 0-1: Ball 1-1: Ball 2-1: Ball 3-1: Base on Balls
|
Pitching: LHP Bill York
|
|
Batting: LHB Carl Hodge
|
0-0: Called Strike 0-1: SINGLE (Groundball, 4M) Ricardo Gómez to second
|
Batting: RHB Lawrence Howard
|
0-0: Called Strike 0-1: Swinging Strike 0-2: Strikes out looking
|
Batting: LHB James Macías
|
0-0: Ball 1-0: Reached on error, E3 (Groundball, 34) Ricardo Gómez scores Carl Hodge to third
|
Batting: RHB José Murillo
|
0-0: Called Strike 0-1: Foul Ball, location: 2F 0-2: Strikes out swinging
|
Batting: RHB Ryan Jackson
|
0-0: Foul Ball, location: 2F 0-1: SINGLE (Line Drive, 9S) Carl Hodge scores James Macías to third
|
Batting: RHB Jorge Molina
|
0-0: Reached on Error, E7 (Flyball, 7M) James Macías scores Ryan Jackson to third
|
Batting: RHB Raúl González
|
0-0: Ball 1-0: Ball 2-0: Foul Ball, location: 2F 2-1: Ball 3-1: Foul Ball, location: 2F 3-2: SINGLE (Flyball, 78M) Ryan Jackson scores Jorge Molina to third Jorge Molina scores
|
Batting: RHB Juan Romero
|
0-0: Ball 1-0: Called Strike 1-1: Ball 2-1: Foul Ball, location: 2F 2-2: Strikes out swinging
|
Top of the 5th over - 5 run(s), 3 hit(s), 2 error(s), 1 left on base; Maize HS 5 - Coweta HS 3 |
BOTTOM OF THE 5TH |
Coweta HS Tigers batting - Pitching for Maize HS : RHP Jonas Davis
|
Batting: RHB José Cisneros
|
0-0: Called Strike 0-1: Foul Ball, location: 2F 0-2: SINGLE (Flyball, 78M)
|
Batting: RHB Héctor Vázquez
|
0-0: Ball 1-0: Foul Ball, location: 2F 1-1: Hit by Pitch José Cisneros to second
|
Batting: LHB Jim Clemente
|
0-0: Foul Ball, location: 2F 0-1: Foul Ball, location: 2F 0-2: Foul Ball, location: 2F 0-2: Ball 1-2: Strikes out swinging
|
Batting: RHB Ben Johnson
|
0-0: Grounds into double play, 6-4-3 (Groundball, 6M)
|
Bottom of the 5th over - 0 run(s), 1 hit(s), 0 error(s), 1 left on base; Maize HS 5 - Coweta HS 3 |
TOP OF THE 6TH |
Maize HS batting - Pitching for Coweta HS Tigers : LHP Bill York
|
Pitching: RHP Judd Anderson
|
|
Batting: SHB Ricardo Gómez
|
0-0: Called Strike 0-1: Ball 1-1: Called Strike 1-2: Foul Ball, location: 2F 1-2: Ball 2-2: Foul Ball, location: 2F 2-2: Strikes out swinging
|
Batting: LHB Carl Hodge
|
0-0: Ball 1-0: SINGLE (Flyball, 9M)
|
Batting: RHB Lawrence Howard
|
0-0: Called Strike 0-1: Foul Ball, location: 2F 0-2: Ball 1-2: Ball 2-2: Foul Ball, location: 2F 2-2: SINGLE (Line Drive, 56) Carl Hodge to second
|
Batting: LHB James Macías
|
0-0: SINGLE (Line Drive, 78S) Carl Hodge to third Lawrence Howard to second
|
Batting: RHB José Murillo
|
0-0: Called Strike 0-1: Ball 1-1: Ball 2-1: Fielders Choice at 2nd, 2-6 (Groundball, 2L) Carl Hodge scores Lawrence Howard to third
|
Batting: RHB Ryan Jackson
|
0-0: Ball 1-0: Fly out, F8 (Flyball, 8LM)
|
Top of the 6th over - 1 run(s), 3 hit(s), 0 error(s), 2 left on base; Maize HS 6 - Coweta HS 3 |
BOTTOM OF THE 6TH |
Coweta HS Tigers batting - Pitching for Maize HS : RHP Jonas Davis
|
Batting: RHB Phil Shaw
|
0-0: Ball 1-0: Ball 2-0: Fly out, F8 (Popup, 4MD)
|
Batting: RHB Jon Waller
|
0-0: Called Strike 0-1: Ball 1-1: Ball 2-1: Ground out 2-3 (Groundball, 2L)
|
Batting: SHB Jessie Teague
|
0-0: Called Strike 0-1: Ball 1-1: Swinging Strike 1-2: Strikes out swinging
|
Bottom of the 6th over - 0 run(s), 0 hit(s), 0 error(s), 0 left on base; Maize HS 6 - Coweta HS 3 |
TOP OF THE 7TH |
Maize HS batting - Pitching for Coweta HS Tigers : RHP Judd Anderson
|
Batting: RHB Jorge Molina
|
0-0: Called Strike 0-1: Ground out 6-3 (Groundball, 6)
|
Batting: RHB Raúl González
|
0-0: DOUBLE (Line Drive, 8LM)
|
Batting: RHB Juan Romero
|
0-0: Called Strike 0-1: SINGLE (Flyball, 9LS) Raúl González to third
|
Batting: SHB Ricardo Gómez
|
0-0: Ball 1-0: Ball 2-0: Ball 3-0: Base on Balls Juan Romero to second
|
Batting: LHB Carl Hodge
|
0-0: Called Strike 0-1: Ball 1-1: Called Strike 1-2: Strikes out swinging
|
Batting: RHB Lawrence Howard
|
0-0: Ball 1-0: Ball 2-0: Ball 3-0: Called Strike 3-1: Called Strike 3-2: Base on Balls Raúl González scores Juan Romero to third Ricardo Gómez to second
|
Batting: LHB James Macías
|
0-0: GRAND SLAM HOME RUN (Flyball, 9D), Distance : 375 ft
|
Batting: RHB José Murillo
|
0-0: Foul Ball, location: 2F 0-1: Foul Ball, location: 2F 0-2: Foul Ball, location: 2F 0-2: Foul Ball, location: 2F 0-2: Ball 1-2: Ball 2-2: Ball 3-2: Foul Ball, location: 2F 3-2: Base on Balls
|
Pitching: LHP Steve Hickman
|
|
Batting: RHB Ryan Jackson
|
0-0: Swinging Strike 0-1: Ground out 5-3 (Groundball, 56S)
|
Top of the 7th over - 5 run(s), 3 hit(s), 0 error(s), 1 left on base; Maize HS 11 - Coweta HS 3 |
BOTTOM OF THE 7TH |
Coweta HS Tigers batting - Pitching for Maize HS : RHP Jonas Davis
|
Pitching: RHP Jim Allen
|
|
Batting: RHB Ramiro Javier
|
0-0: Called Strike 0-1: Called Strike 0-2: Strikes out swinging
|
Batting: RHB Brian Andrews
|
0-0: Ball 1-0: Ball 2-0: Swinging Strike 2-1: Ball 3-1: Base on Balls
|
Batting: RHB José Cisneros
|
0-0: Called Strike 0-1: Ball 1-1: Ball 2-1: Foul Ball, location: 2F 2-2: Foul Ball, location: 2F 2-2: Strikes out swinging
|
Batting: RHB Héctor Vázquez
|
0-0: Ball 1-0: Ball 2-0: Ball 3-0: Base on Balls Brian Andrews to second
|
Batting: LHB Jim Clemente
|
0-0: Called Strike 0-1: Called Strike 0-2: DOUBLE (Groundball, 5L) Brian Andrews scores Héctor Vázquez to third
|
Batting: RHB Ben Johnson
|
0-0: Called Strike 0-1: Called Strike 0-2: Ball 1-2: Fly out, F7 (Flyball, 7M)
|
Bottom of the 7th over - 1 run(s), 1 hit(s), 0 error(s), 2 left on base; Maize HS 11 - Coweta HS 4 |
TOP OF THE 8TH |
Maize HS batting - Pitching for Coweta HS Tigers : LHP Steve Hickman
|
Batting: RHB Jorge Molina
|
0-0: Foul Ball, location: 2F 0-1: SINGLE (Groundball, 6D) (infield hit)
|
Batting: RHB Raúl González
|
0-0: Bunted foul 0-1: Sac Bunt - play at second, runner OUT! 1-6
|
Batting: RHB Juan Romero
|
0-0: Ball 1-0: Called Strike 1-1: Hit by Pitch Raúl González to second
|
Pinch Runner at 1st Lorenzo Hernández:
|
|
Batting: SHB Ricardo Gómez
|
0-0: Ball 1-0: Called Strike 1-1: Foul Ball, location: 2F 1-2: Ball 2-2: Reached on error, E5 (Groundball, 5S) Raúl González to third Lorenzo Hernández to second
|
Batting: LHB Carl Hodge
|
0-0: Fly out, F8 (Flyball, 8LS)
|
Batting: RHB Lawrence Howard
|
0-0: Called Strike 0-1: Ball 1-1: Ball 2-1: Ball 3-1: Foul Ball, location: 2F 3-2: SINGLE (Flyball, 3D) Raúl González scores Lorenzo Hernández to third Ricardo Gómez to second Lorenzo Hernández scores Ricardo Gómez to third
|
Batting: LHB James Macías
|
0-0: Called Strike 0-1: Ball 1-1: Ball 2-1: Ball 3-1: Base on Balls Lawrence Howard to second
|
Batting: RHB José Murillo
|
0-0: Ball 1-0: Foul Ball, location: 2F 1-1: Ball 2-1: Ground out 4-3 (Groundball, 4)
|
Top of the 8th over - 2 run(s), 2 hit(s), 1 error(s), 3 left on base; Maize HS 13 - Coweta HS 4 |
BOTTOM OF THE 8TH |
Coweta HS Tigers batting - Pitching for Maize HS : RHP Jim Allen
|
Now at SS: Lorenzo Hernández
|
|
Batting: RHB Phil Shaw
|
0-0: Foul Ball, location: 2F 0-1: Ball 1-1: Foul Ball, location: 2F 1-2: Ball 2-2: Foul Ball, location: 2F 2-2: Reached on error, E6 (Groundball, 6)
|
Batting: RHB Jon Waller
|
0-0: Foul Ball, location: 2F 0-1: Grounds into double play, 4-6-3 (Groundball, 4)
|
Batting: SHB Jessie Teague
|
0-0: Ball 1-0: Called Strike 1-1: Ground out 4-3 (Groundball, 34)
|
Bottom of the 8th over - 0 run(s), 0 hit(s), 1 error(s), 0 left on base; Maize HS 13 - Coweta HS 4 |
TOP OF THE 9TH |
Maize HS batting - Pitching for Coweta HS Tigers : LHP Steve Hickman
|
Batting: RHB Ryan Jackson
|
0-0: Ball 1-0: Ball 2-0: Foul Ball, location: 2F 2-1: Called Strike 2-2: Ball 3-2: Foul Ball, location: 2F 3-2: Strikes out swinging
|
Batting: RHB Jorge Molina
|
0-0: Ball 1-0: Ball 2-0: SINGLE (Groundball, 56D)
|
Batting: RHB Raúl González
|
0-0: Called Strike 0-1: Swinging Strike 0-2: SINGLE (Flyball, 9S) Jorge Molina to second Jorge Molina to third
|
Batting: RHB Lorenzo Hernández
|
0-0: Ball 1-0: Called Strike 1-1: Ball 2-1: Fly out, F9 (Flyball, 9LM) Runner from 3rd tags up, SCORES, no throw
|
Batting: SHB Ricardo Gómez
|
0-0: Ball 1-0: Ball 2-0: Swinging Strike 2-1: Called Strike 2-2: Fly out, F9 (Flyball, 89D)
|
Top of the 9th over - 1 run(s), 2 hit(s), 0 error(s), 1 left on base; Maize HS 14 - Coweta HS 4 |
BOTTOM OF THE 9TH |
Coweta HS Tigers batting - Pitching for Maize HS : RHP Jim Allen
|
Batting: RHB Ramiro Javier
|
0-0: Ball 1-0: Ball 2-0: Called Strike 2-1: Ball 3-1: Foul Ball, location: 2F 3-2: Base on Balls
|
Batting: RHB Brian Andrews
|
0-0: Ball Pickoff Throw to First - Error! E1 Ramiro Javier to second 1-0: Called Strike 1-1: Fly out, F3 (Popup, 34)
|
Batting: RHB José Cisneros
|
0-0: Ball 1-0: Ball 2-0: Ground out 4-3 (Groundball, 4M) Ramiro Javier to third
|
Batting: RHB Héctor Vázquez
|
0-0: Called Strike 0-1: 2-RUN HOME RUN (Flyball, 7LD), Distance : 342 ft
|
Batting: LHB Jim Clemente
|
0-0: Foul Ball, location: 2F 0-1: Ball 1-1: Foul Ball, location: 2F 1-2: SINGLE (Groundball, 56D)
|
Batting: RHB Ben Johnson
|
0-0: Swinging Strike 0-1: Fly out, F8 (Flyball, 8RM)
|
Bottom of the 9th over - 2 run(s), 2 hit(s), 1 error(s), 1 left on base; Maize HS 14 - Coweta HS 6 |
|